 Dungeon Crawl Stone Soup version 0.28.0-47-ge53b351184 (webtiles) character file.

Game seed: 7661715860834962526

436 101zpm the Magician (level 7, -16/45 HPs)
             Began as a Djinni Fire Elementalist on May 1, 2022.
             Demolished by Duvessa
             ... wielding a +2 short sword of electrocution
              (17 damage)
             ... on level 4 of the Dungeon.
             The game lasted 00:05:43 (3887 turns).

101zpm the Magician (Djinni Fire Elementalist)      Turns: 3887, Time: 00:05:44

Health: -16/45     AC:  2    Str:  7    XL:     7   Next: 21%
Gold:   91         EV: 12    Int: 18    God:
                   SH:  0    Dex: 14

rFire   + + .      SeeInvis .   e - +3 whip (elec)
rCold   x . .      Faith    .   (no shield)
rNeg    . . .      Spirit   .   a - +0 robe
rPois   ∞          Reflect  .   (no helmet)
rElec   .          Harm     .   (no cloak)
rCorr   .          Rampage  .   (no gloves)
Will    .....                   (boots unavailable)
Stlth   ++........              (no amulet)
HPRegen 0.15/turn               (no ring)
MPRegen 0.00/turn               (no ring)

@: flying
A: sickness immunity, fire resistance 2, cold vulnerability 1, float, innate
caster, HP casting, extra vitality 1
a: no special abilities


You were on level 4 of the Dungeon.
You visited 1 branch of the dungeon, and saw 4 of its levels.

You collected 91 gold pieces.

Inventory:

Hand Weapons
 e - a +3 whip of electrocution (weapon)
Missiles
 c - 66 stones
Armour
 a - a +0 robe (worn)
Scrolls
 b - 3 scrolls of teleportation {unknown}
 d - a scroll of enchant weapon {unknown}
 f - a scroll of holy word {unknown}
 g - a scroll of identify {unknown}


   Skills:
 + Level 2.4 Dodging
 + Level 2.4 Stealth
 + Level 5.6 Spellcasting


You couldn't memorise any spells.
You knew the following spells:

 Your Spells              Type           Power      Damage    Failure   Level
a - Foxfire               Conj/Fire      100%       2x1d9     1%          1
b - Scorch                Fire           50%        2d8       1%          2
c - Conjure Flame         Conj/Fire      25%        6-21      3%          3
d - Inner Flame           Hex/Fire       25%        N/A       3%          3
e - Flame Wave            Conj/Fire      25%        2d7       12%         4
f - Pain                  Necr           100%       1d9       1%          1
g - Corpse Rot            Necr/Air       50%        N/A       1%          2
h - Call Imp              Summ           25%        N/A       1%          2
Your spell library was empty.

Dungeon Overview and Level Annotations

Branches:
Dungeon (4/15)
 Temple: D:4-7

Altars:

Shops:
D:2 =

Annotations:
D:3 1 runed translucent door, Crazy Yiuf
D:4 Duvessa


Innate Abilities, Weirdness & Mutations

You are immune to sickness and miasma.
You are immune to poison.
Your flesh is very heat resistant. (rF++)
You are vulnerable to cold. (rC-)
You float through the air rather than walking.
You learn spells naturally, not from books.
Your magical power is your life essence.
You have superior vitality. (+4 MHP)


Message History

You feel a bit more experienced.
Duvessa, Sister of Dowan comes into view.
She is wielding a +2 short sword of electrocution and carrying a wand of polymorph (5).
You have reached level 7!
The power to cast Call Imp wells up from within.
Spell assigned to 'h'.
Casting: Foxfire (safe; 1% risk of failure)
Confirm with . or Enter, or press ? or * to list all spells.
Aiming: Inner Flame (dangerous; 3% risk of failure)
Press: ? - help, Dir - move target, f - Duvessa
Aim: Duvessa, wielding a +2 short sword of electrocution, wearing a +0 ring mail and carrying a wand of polymorph (5) (ally target, chance to affect: 66%) Duvessa is filled with an inner flame.
Duvessa goes berserk!
The foxfire hits Duvessa but does no damage.
Duvessa rages.
You conjure some foxfire!
The foxfire hits Duvessa but does no damage.
Duvessa is engulfed in blazing flames.
Flame seeps out of Duvessa.
Casting: Foxfire (safe; 1% risk of failure)
Confirm with . or Enter, or press ? or * to list all spells.
Flames lash Duvessa but do no damage.
The foxfire hits Duvessa.
Flame seeps out of Duvessa.
Duvessa is lightly wounded.
The foxfire hits Duvessa but does no damage.
Duvessa is lightly wounded.
Duvessa is engulfed in blazing flames.
Flame seeps out of Duvessa.
Casting: Scorch (safe; 1% risk of failure)
Confirm with . or Enter, or press ? or * to list all spells.
Flames lash Duvessa but do no damage.
Duvessa closely misses you.
Duvessa hits you with a +2 short sword of electrocution!
* * * LOW HITPOINT WARNING * * *
You are electrocuted!
* * * LOW HITPOINT WARNING * * *
Casting: Scorch (safe; 1% risk of failure)
Confirm with . or Enter, or press ? or * to list all spells.
Flames lash Duvessa.
Flame seeps out of Duvessa.
Duvessa is moderately wounded.
Duvessa's fire resistance burns away.
* * * LOW HITPOINT WARNING * * *
Duvessa is engulfed in blazing flames.
Flame seeps out of Duvessa.
Duvessa hits you with a +2 short sword of electrocution!
You die...

.# . .# .#. #.#
.#.... ## .☼... ...
####§#.# ....
#.!§☼§§ #..# #..e☼#
##...##§#@.# ##
####.....#....# .##
..............#
..####.).......####
.....+.........+
..####.........#
.## #.......## ##
##.....## # ##...##


You could see Duvessa (berserk, inner flame, combustible).

Vanquished Creatures
  Grinder (D:3)
  Dowan (D:4)
  A hound (D:4)
  2 orc priests (D:3)
  An orc wizard (D:3)
  3 gnolls (D:4)
  An adder (D:3)
  An adder skeleton (D:4)
  2 worms
  A dart slug (D:3)
  14 orcs (D:3)
  2 endoplasms (D:3)
  2 goblins
  A hobgoblin (D:3)
  A kobold (D:3)
  A quokka (D:2)
  2 ball pythons
  A bat (D:3)
  A frilled lizard (D:3)
  A rat (D:3)
40 creatures vanquished.

Vanquished Creatures (others)
  261 foxfires
261 creatures vanquished.

Grand Total: 301 creatures vanquished

Notes
Turn   | Place    | Note
-------+----------+-------------------------------------------
     0 | D:1      | 101zpm the Djinni Fire Elementalist began the quest for the
                  | Orb.
     0 | D:1      | Reached XP level 1. HP: 15/15 MP: 0/0
    21 | D:2      | Found Tiruluf's Jewellery Shop.
   549 | D:2      | Reached XP level 2. HP: 16/21 MP: 0/0
  1266 | D:3      | Reached skill level 3 in Spellcasting
  1464 | D:3      | Reached XP level 3. HP: 15/25 MP: 0/0
  1464 | D:3      | Learned a level 1 spell: Pain
  1720 | D:3      | Reached XP level 4. HP: 14/31 MP: 0/0
  2162 | D:3      | Noticed Grinder
  2167 | D:3      | Killed Grinder
  2168 | D:3      | Reached skill level 4 in Spellcasting
  2168 | D:3      | Reached XP level 5. HP: 27/35 MP: 0/0
  2168 | D:3      | Learned a level 2 spell: Corpse Rot
  2168 | D:3      | Reached XP level 6. HP: 31/40 MP: 0/0
  2435 | D:3      | Reached skill level 5 in Spellcasting
  2819 | D:3      | Found a runed translucent door.
  2824 | D:3      | Noticed Crazy Yiuf
  3874 | D:4      | Noticed Dowan
  3882 | D:4      | Killed Dowan
  3882 | D:4      | Noticed Duvessa
  3883 | D:4      | Reached XP level 7. HP: 33/45 MP: 0/0
  3883 | D:4      | Learned a level 2 spell: Call Imp
  3887 | D:4      | Demolished by Duvessa

Illustrated notes

Levels and vault maps discovered:
D:1:      zelgadis_glass_arrival_small, layout_rooms,
          shapermc_ecumenical_altar_rom_forum, grunt_decor_one_mirror
D:2:      layout_basic, serial_shops, nicolae_shop_hallway_stairs, uniq_natasha
D:3:      layout_basic, grunt_decor_resistance, uniq_grinder,
          uniq_crazy_yiuf_cottage
D:4:      layout_loops_corners, kennysheep_cross_room,
          chequers_serial_rivers_room_b, hangedman_abyss_or_decor_passed,
          uniq_duvessa

Skill      XL: |  1  2  3  4  5  6 |
---------------+-------------------+-----
Spellcasting   | 3 4 5 |  5.6
Stealth        | 2 |  2.4
Dodging        | |  2.4

Action                   |  1- 3 |  4- 6 |  7- 9 || total
-------------------------+-------+-------+-------++-------
 Cast: Foxfire           |    83 |    77 |     1 ||   161
       Scorch            |     2 |     9 |     3 ||    14
       Inner Flame       |       |     2 |     1 ||     3
Armor: Robe              |       |     1 |       ||     1
Dodge: Dodged            |     1 |     6 |     1 ||     8
